 Dungeon Crawl Stone Soup version 0.19-a0-1482-ga9fd55e (webtiles) character file.

13765 Lasiace the Nimble (level 12, -1/114 HPs)
             Began as a Tengu Air Elementalist on Sept 7, 2016.
             Was a High Priest of Cheibriados.
             Slain by a killer bee (3 damage)
             ... on level 11 of the Dungeon.
             The game lasted 01:18:59 (15966 turns).

Lasiace the Nimble (Tengu Air Elementalist)        Turns: 15966, Time: 01:18:59

Health: -1/114     AC: 34    Str: 22    XL:     12   Next: 9%
Magic:  3/17       EV:  2    Int: 33    God:    Cheibriados [*****.]
Gold:   170        SH:  0    Dex: 28    Spells: 6 memorised, 2 levels left

rFire  x . .     SeeInvis .     s - +0 whip (elec) {@w2}
rCold  + . .     Gourm    .     (armour currently unavailable)
rNeg   + + +     Faith    .     (no shield)
rPois  +         Spirit   .     (helmet currently unavailable)
rElec  .         Dismiss  .     (cloak currently unavailable)
rCorr  .         Reflect  .     (gloves currently unavailable)
MR     .....     Harm     .     (boots unavailable)
Stlth  +++....... NoTele   +    (no amulet)
                                (no ring)
                                I - ring of ice

@: lethally poisoned (-1 -> -2), icy armour, tree-form, repel missiles, very
slow
A: (beak), (talons 0), able to fly 1
a: Fly, Bend Time, Temporal Distortion, Slouch, Step From Time, Renounce
Religion


You were on level 11 of the Dungeon.
You worshipped Cheibriados.
Cheibriados was extremely pleased with you.
You were not hungry.
You were a tree.
You visited 2 branches of the dungeon, and saw 12 of its levels.

You collected 468 gold pieces.
You spent 298 gold pieces at shops.

Inventory:

Hand Weapons
 d - a +1 quarterstaff of protection {@w3}
 e - a +0 long sword
 q - a +0 long sword of holy wrath
 s - a +0 whip of electrocution (weapon) {@w2}
Missiles
 i - 38 poisoned needles
Armour
 a - a +0 pair of gloves of dexterity (melded)
 b - a +0 robe (melded)
 J - a +2 pair of gloves
Magical Staves
 G - an uncursed staff of fire
Jewellery
 z - an uncursed amulet of faith
 I - a ring of ice (left branch)
Wands
 t - a wand of iceblast (5/15)
 x - a wand of iceblast (7/15)
 D - a wand of iceblast (8/15)
 H - a wand of flame (35/48)
 M - a wand of iceblast (9/15)
Scrolls
 f - 3 scrolls of enchant weapon
 g - 2 scrolls of identify {@r4}
 k - 2 scrolls of teleportation {@r3}
 m - 3 scrolls of amnesia
 r - 4 scrolls of remove curse
 y - a scroll of magic mapping {unknown}
 L - a scroll of acquirement {unknown}
Potions
 j - 2 potions of cancellation
 l - 2 potions of flight
 u - a potion of lignification {!q}
 w - 3 potions of mutation {!q}
 C - 2 potions of agility
 E - a potion of might {unknown}
 N - a potion of cure mutation {unknown}
Books
 o - a book of Air

   Spells                             Type                      Level
   a - Shock                          Conjuration/Air              1
   b - Swiftness                      Charms/Air                   2
   c - Repel Missiles                 Charms/Air                   2
   d - Static Discharge               Conjuration/Air              3
   e - Lightning Bolt                 Conjuration/Air              5
 p - a book of Summonings

   Spells                             Type                      Level
   a - Recall                         Summoning/Translocation      3
   b - Aura of Abjuration             Summoning                    5
   c - Summon Demon                   Summoning                    5
   d - Summon Forest                  Summoning/Translocation      5
   e - Summon Mana Viper              Hexes/Summoning              5
   f - Shadow Creatures               Summoning                    6
 A - a book of Cantrips

   Spells                             Type                      Level
   a - Confusing Touch                Hexes                        1
   b - Animate Skeleton               Necromancy                   1
   c - Summon Small Mammal            Summoning                    1
   d - Apportation                    Translocation                1
 B - a book of Frost

   Spells                             Type                      Level
   a - Freeze                         Ice                          1
   b - Throw Frost                    Conjuration/Ice              2
   c - Ozocubu's Armour               Charms/Ice                   3
   d - Throw Icicle                   Conjuration/Ice              4
   e - Summon Ice Beast               Ice/Summoning                4
Comestibles
 c - 4 bread rations
 n - 21 fruits
 v - a beef jerky
 K - 3 meat rations


   Skills:
 + Level 9.3 Fighting
 - Level 8.1 Maces & Flails
 - Level 10.1 Dodging
 - Level 2.0 Stealth
 - Level 3.2 Spellcasting
 - Level 9.3 Conjurations
 - Level 6.0 Charms
 - Level 2.2 Ice Magic
 - Level 8.1 Air Magic


You had 2 spell levels left.
You knew the following spells:

 Your Spells              Type           Power        Failure   Level  Hunger
a - Shock                 Conj/Air       ####         1%          1    None
b - Lightning Bolt        Conj/Air       ######....   4%          5    #####..
c - Static Discharge      Conj/Air       ######..     1%          3    ##.....
d - Apportation           Tloc           #.........   8%          1    None
r - Repel Missiles        Chrm/Air       ######       1%          2    None
v - Ozocubu's Armour      Chrm/Ice       #####...     3%          3    ##.....


Dungeon Overview and Level Annotations

Branches:
Dungeon (11/15)            Temple (1/1) D:6            Lair (0/6) D:9
    Orc (0/2) D:11

Altars:
Ashenzari
Cheibriados
Dithmenos
Elyvilon
Fedhas
Gozag
Hepliaklqana
Kikubaaqudgha
Makhleb
Nemelex Xobeh
Okawaru
Qazlal
Ru
Sif Muna
Trog
Uskayaw
Vehumet
Xom
Yredelemnul
Zin
The Shining One
Beogh

Shops:
D:2 *   D:5 [   D:10 :([   D:11 }%}%

Annotations:
D:3 exclusion: door
D:6 Scattercatt's ghost, novice GrFE


Innate Abilities, Weirdness & Mutations

((You have a beak for a mouth.))
((You have claws for feet.))
You can fly.


Message History

You miss the killer bee.
The killer bee is severely wounded.
You feel sick.
The killer bee stings you but does no damage.
The killer bee stings you.
* * * LOW HITPOINT WARNING * * *
The killer bee completely misses you.
The killer bee stings you but does no damage. x2
The killer bee stings you.
* * * LOW HITPOINT WARNING * * *
The killer bee stings you but does no damage. x2
Okay, then.
Okay, then.
As you read the scroll labeled UWUZIPLO XAIH, it crumbles to dust.
You hear a loud clanging noise!
It was a scroll of noise.
You hear a bellow! x2
The killer bee stings you but does no damage. x6
The killer bee stings you.
You die...

#####....# .###.
#........# . #.#..
#......### .
##...#### ##.....#
. #..†$...# #.....#
. .....>.# #.....#
.
.###....#####....##
......yyy........#
.....yy♣y........#
.########........#
#........# #
#........# #
#........###+###
#...............
#...............
#...............
................


You could see 6 killer bees.

Vanquished Creatures
  Erolcha (D:8)
  Josephine (D:11)
  An unseen horror (D:10)
  Pikel (D:6)
  A cyclops (D:11)
  Joseph (D:9)
  Psyche (D:11)
  A gargoyle (D:10)
  A queen bee (D:11)
  2 trolls
  Grinder (D:6)
  A shadow (D:11)
  4 wraiths (D:11)
  12 yaks
  A wyvern (D:11)
  4 hippogriffs
  2 hungry ghosts
  Edmund (D:4)
  A water moccasin (D:8)
  A black bear (D:10)
  2 necrophages
  An ice beast (D:7)
  4 slaves (D:6)
  6 orc warriors
  2 phantoms
  7 ogres
  4 centaurs
  A big kobold (D:9)
  Blork the orc (D:4)
  5 giant frogs
  A gnoll sergeant (D:9)
  A wyvern skeleton (D:11)
  8 scorpions
  6 killer bees (D:11)
  5 wights (D:10)
  7 crimson imps
  A quasit (D:9)
  A centaur zombie (D:11)
  8 hounds
  6 orc priests
  A giant frog skeleton (D:6)
  3 jellies
  2 centaur skeletons
  A gnoll shaman (D:7)
  3 iguanas
  Natasha (thrice) (D:2)
  10 orc wizards
  6 worker ants
  A hound skeleton (D:4)
  A howler monkey zombie (D:5)
  7 gnolls
  9 adders
  2 shadow imps
  An ooze (D:5)
  An adder skeleton (D:4)
  2 worms
  A dart slug (D:3)
  4 giant geckos
  45 orcs
  A ball python (D:3)
  8 bats
  6 giant cockroaches
  8 goblins
  6 hobgoblins
  4 jackals
  12 kobolds
  2 quokkas
  A giant gecko skeleton (D:8)
  A giant newt (D:7)
  3 rats
271 creatures vanquished.

Vanquished Creatures (others)
  An orc wizard (D:6)
1 creature vanquished.

Grand Total: 272 creatures vanquished

Notes
Turn   | Place    | Note
-------+----------+-------------------------------------------
     0 | D:1      | Lasiace the Tengu Air Elementalist began the quest for the Orb.
     0 | D:1      | Reached XP level 1. HP: 10/10 MP: 4/4
     7 | D:1      | Noticed an iguana
     7 | D:1      | Noticed a giant leech
     7 | D:1      | Noticed a worker ant
     7 | D:1      | Noticed a hill giant
   101 | D:1      | Reached skill level 1 in Fighting
   164 | D:1      | Reached XP level 2. HP: 16/16 MP: 4/6
   236 | D:1      | Learned a level 2 spell: Repel Missiles
   914 | D:2      | Found an opulent altar of Gozag.
   915 | D:2      | Found Gozag's Platinum Reserve.
  1254 | D:2      | Noticed Natasha
  1263 | D:2      | Killed Natasha
  1263 | D:2      | Reached XP level 3. HP: 23/23 MP: 1/7
  1350 | D:2      | Noticed Natasha
  1379 | D:2      | Killed Natasha
  1379 | D:2      | Reached skill level 3 in Dodging
  1379 | D:2      | Reached XP level 4. HP: 17/28 MP: 3/8
  1645 | D:2      | Noticed Natasha
  1665 | D:2      | Killed Natasha
  2040 | D:3      | Gained mutation: You can fly. [Tengu growth]
  2040 | D:3      | Reached XP level 5. HP: 32/32 MP: 0/9
  2177 | D:3      | Found a bloodstained altar of Trog.
  2738 | D:3      | Found a burning altar of Makhleb.
  2747 | D:3      | Reached skill level 5 in Conjurations
  3095 | D:4      | Reached skill level 4 in Dodging
  3095 | D:4      | Reached XP level 6. HP: 33/37 MP: 6/10
  3231 | D:4      | Noticed Blork the orc
  3246 | D:4      | Killed Blork the orc
  3354 | D:4      | Learned a level 3 spell: Static Discharge
  3357 | D:4      | Learned a level 2 spell: Swiftness
  3377 | D:5      | Entered Level 5 of the Dungeon
  3404 | D:5      | Reached skill level 5 in Dodging
  3484 | D:5      | Found Vudwiur's Antique Armour Boutique.
  3488 | D:5      | Bought a pair of embroidered gloves for 103 gold pieces
  3663 | D:5      | Reached XP level 7. HP: 38/42 MP: 3/11
  4512 | D:4      | Noticed Edmund
  4699 | D:4      | Killed Edmund
  4699 | D:4      | Reached skill level 5 in Air Magic
  5048 | D:4      | Reached XP level 8. HP: 44/48 MP: 10/13
  5309 | D:6      | Reached skill level 6 in Dodging
  5482 | D:6      | Reached skill level 7 in Dodging
  5602 | D:6      | Noticed Grinder
  5619 | D:5      | Found a blossoming altar of Fedhas.
  5668 | D:6      | Killed Grinder
  5720 | D:6      | Found a staircase to the Ecumenical Temple.
  5759 | Temple   | Entered the Ecumenical Temple
  5848 | Temple   | Became a worshipper of Cheibriados the Contemplative
  5995 | D:6      | Reached skill level 8 in Dodging
  6097 | D:6      | Noticed Pikel
  6327 | D:6      | Killed Pikel
  6327 | D:6      | Reached skill level 10 in Dodging
  6327 | D:6      | Reached XP level 9. HP: 45/52 MP: 7/14
  6447 | D:6      | Reached skill level 5 in Fighting
  6756 | D:6      | Found a sacrificial altar of Ru.
  6789 | D:6      | Noticed Scattercatt's ghost (novice GrFE)
  7261 | D:7      | Reached * piety under Cheibriados
  7802 | D:7      | Found a sacrificial altar of Ru.
  8726 | D:8      | Learned a level 5 spell: Lightning Bolt
  8767 | D:8      | Reached ** piety under Cheibriados
  8767 | D:8      | Reached XP level 10. HP: 48/64 MP: 9/15
  9485 | D:9      | Noticed Joseph
  9603 | D:9      | Found a glowing silver altar of Zin.
  9952 | D:9      | Noticed Erolcha
 10060 | D:8      | Killed Erolcha
 10204 | D:9      | Found a staircase to the Lair.
 10368 | D:9      | Reached skill level 1 in Maces & Flails
 10521 | D:9      | Found a glowing golden altar of the Shining One.
 10528 | D:9      | Found a radiant altar of Vehumet.
 10928 | D:9      | You fall through a shaft for 2 floors!
 10940 | D:11     | Found Xuqed's Food Shop.
 11018 | D:11     | Found Reyxzy's Gadget Shoppe.
 11031 | D:11     | Learned a level 3 spell: Ozocubu's Armour
 11066 | D:10     | Entered Level 10 of the Dungeon
 11066 | D:10     | Found Dufiki's Book Boutique.
 11075 | D:10     | Reached skill level 1 in Ice Magic
 11201 | D:10     | Found Qeuge's Armour Shop.
 11204 | D:10     | Bought a +0 pair of gloves of dexterity for 195 gold pieces
 11363 | D:9      | Reached skill level 1 in Charms
 11642 | D:9      | Reached *** piety under Cheibriados
 12201 | D:10     | Found Modghu's Weapon Shoppe.
 12299 | D:10     | Reached XP level 11. HP: 66/68 MP: 10/16
 12420 | D:9      | Killed Joseph
 12615 | D:10     | Reached skill level 5 in Charms
 12753 | D:10     | Noticed a hill giant
 13302 | D:10     | Reached **** piety under Cheibriados
 13428 | D:10     | Killed an unseen horror
 13711 | D:11     | Found a roughly hewn altar of Beogh.
 13711 | D:11     | Found a staircase to the Orcish Mines.
 14360 | D:11     | Noticed Josephine
 14373 | D:11     | Killed Josephine
 14373 | D:11     | Reached skill level 5 in Maces & Flails
 14684 | D:11     | Learned a level 1 spell: Apportation
 14696 | D:11     | Found Leorid's Food Emporium.
 14712 | D:11     | Noticed a cyclops
 14727 | D:11     | Killed a cyclops
 14931 | D:11     | Reached ***** piety under Cheibriados
 15103 | D:11     | Noticed Psyche
 15110 | D:11     | Killed Psyche
 15518 | D:11     | Found Jaane's Gadget Shop.
 15672 | D:11     | Reached XP level 12. HP: 35/75 MP: 2/17
 15960 | D:11     | HP: 2/114 [killer bee (9)]
 15965 | D:11     | HP: 2/114 [killer bee (5)]
 15966 | D:11     | Slain by a killer bee

Vault maps used:
D:1:      onia_arrival_zoo_common, serial_bayou_ford_a
D:2:      kennysheep_another_room, hangedman_decor_slide_cut,
          nicolae_gozag_zags_fifth_avenue, uniq_natasha
D:3:      bloody_trog, makhleb_grotto_becter, first_bread, cheibrodos_gnoll_hut
D:4:      uniq_blork_the_orc, uniq_edmund
D:5:      lemuel_upstairs_altar, serial_shops, shop, minmay_misc_feat_plants
D:6:      dk_vineyard_3, wad_floor_pattern_untrapped,
          nicolae_ru_the_path_less_chosen, uniq_grinder, uniq_pikel
D:7:      basic_altar
D:9:      zin_statuary, grunt_temple_overflow_open, lair_0_dummy, uniq_joseph,
          uniq_erolcha
D:10:     serial_shops, kennysheep_mini, shop, shop
D:11:     david_orc_5, serial_shops, shop, nicolae_shop_statue_plus,
          nicolae_shop_waterfront, shop, shop, david_nohive_1, uniq_josephine,
          uniq_psyche
Temple:   compressed_dpeg_circular_temple

Skill      XL: |  1  2  3  4  5  6  7  8  9 10 11 12 |
---------------+-------------------------------------+-----
Conjurations   | 2 3 5 9 |  9.3
Fighting       | 1 3 4 8 9 |  9.3
Dodging        | 3 4 5 10 | 10.1
Spellcasting   | 3 |  3.2
Air Magic      | 6 8 |  8.1
Maces & Flails | 4 8 |  8.1
Ice Magic      | 2 |  2.2
Charms         | 4 6 |  6.0
Stealth        | |  2.0

Action                   |  1- 3 |  4- 6 |  7- 9 | 10-12 || total
-------------------------+-------+-------+-------+-------++-------
Melee: Unarmed           |     2 |       |       |       ||     2
       Peck              |     1 |     3 |    11 |    81 ||    96
       Mace              |     8 |       |    50 |    26 ||    84
       Short sword       |     6 |    26 |       |       ||    32
       Kick              |     2 |     3 |    25 |   146 ||   176
       Quarterstaff      |       |     9 |    22 |    36 ||    67
       Dire flail        |       |       |    13 |       ||    13
       Whip              |       |       |       |   216 ||   216
 Cast: Shock             |    41 |   101 |   237 |   334 ||   713
       Repel Missiles    |     2 |       |     1 |     2 ||     5
       Static Discharge  |       |       |     7 |    37 ||    44
       Ozocubu's Armour  |       |       |       |    22 ||    22
 Abil: Fly               |       |       |     3 |    17 ||    20
  Use: Scroll            |     5 |     4 |     5 |     6 ||    20
       Potion            |       |     1 |       |     7 ||     8
 Stab: Sleeping          |       |     1 |       |       ||     1
  Eat: Chunk             |     2 |     9 |    13 |    14 ||    38
       Royal jelly       |       |       |     1 |       ||     1
       Beef jerky        |       |       |       |     2 ||     2
Armor: Robe              |     2 |     9 |    40 |    62 ||   113
       Skin              |       |       |       |    97 ||    97
Dodge: Dodged            |    24 |    48 |   159 |   457 ||   688
       Deflected         |     1 |     1 |     7 |    10 ||    19
